 Dungeon Crawl Stone Soup version 0.32-a0-876-gcfddb08e57 (webtiles) character file.

Game seed: 11756810582713526274

141 Esekla the Slasher (level 5, -2/37 HPs)
             Began as a Demonspawn Wanderer on Apr 1, 2024.
             Slain by a gnoll
             ... wielding a +0 halberd
              (10 damage)
             ... on level 3 of the Dungeon.
             The game lasted 00:15:14 (3391 turns).

Esekla the Slasher (Demonspawn Wanderer)            Turns: 3391, Time: 00:15:15

Health: -2/37      AC:  3    Str: 11    XL:     5   Next: 3%
Magic:  6/9        EV: 10    Int: 16    God:
Gold:   159        SH:  4    Dex: 12    Spells: 3/9 levels left

rFire   . . .        a - +0 falchion
rCold   + . .        (no shield)
rNeg    . . .        f - +0 leather armour
rPois   .            (helmet restricted)
rElec   .            (no cloak)
rCorr   .            (no gloves)
SInv    .            (no boots)
Will    .....        (no amulet)
Stlth   +            i - ring of protection from cold
HPRegen 0.26/turn    (no ring)
MPRegen 0.11/turn

%: no passive effects
@: very slightly contaminated
A: antennae 1, demonic guardian 1, condensation shield
a: no special abilities


You were on level 3 of the Dungeon.
You visited 1 branch of the dungeon, and saw 3 of its levels.

You collected 159 gold pieces.

Inventory:

Hand Weapons
 a - a +0 falchion (weapon)
 p - the +1 whip "Unanec" {flame, Int+3}
   (You found it on level 3 of the Dungeon)

   Int+3:     It affects your intelligence (+3).
 r - a +0 spear
 s - a +0 dagger
Missiles
 n - a poisoned dart (quivered)
 q - 6 boomerangs
Armour
 f - a +0 leather armour (worn)
 h - the +4 chain mail of Famopaaf {rPois Str+2 Int+2}
   (You found it on level 2 of the Dungeon)

   Str+2:     It affects your strength (+2).
   Int+2:     It affects your intelligence (+2).
   rPois:     It protects you from poison.
Jewellery
 i - a ring of protection from cold (left hand)
 k - an amulet of faith
Scrolls
 b - 2 scrolls of amnesia {unknown}
 e - a scroll of fog {unknown}
 g - a scroll of identify {unknown}
 m - a scroll of revelation {unknown}
 o - a scroll of noise {unknown}
Potions
 c - 2 potions of curing
 d - 3 potions of haste {unknown}
 j - a potion of degeneration {unknown}
 l - a potion of might {unknown}
 t - a potion of lignification {unknown}


   Skills:
 * Level 1.2 Fighting
 + Level 3.2 Long Blades
 + Level 3.0 Armour
 + Level 0.8 Dodging
 + Level 0.2 Stealth
 + Level 0.7 Shields
 * Level 2.6 Spellcasting
 * Level 2.7 Necromancy
 * Level 0.9 Air Magic
 * Level 1.1 Alchemy


You had 3 spell levels left.
You knew the following spells:

 Your Spells              Type           Power      Damage    Failure   Level
a - Necrotise             Necr           40%        1d6       8%          1
d - Vampiric Draining     Necr           10%        2d6       24%         3
v - Mercury Vapours       Alch/Air       10%        N/A       24%         2

Your spell library contained the following spells:

 Spells                   Type           Power      Damage    Failure   Level
 Sting                    Conj/Alch      12%        1d3       21%         1
 Summon Small Mammal      Summ           8%         N/A       24%         1
 Call Canine Familiar     Summ           2%         N/A       58%         3
 Anguish                  Hex/Necr       3%         N/A       80%         4
 Olgreb's Toxic Radiance  Alch           5%         N/A       83%         4
 Summon Blazeheart Golem  Fire/Summ      2%         N/A       94%         4


Dungeon Overview and Level Annotations

Branches:
Dungeon (3/15)

Altars:

Shops:
D:3 [[


Innate Abilities, Weirdness & Mutations

You have a pair of small antennae on your head.
A weak demonic guardian rushes to your aid.
A meltable shield of frost defends you. (SH +4)


Message History

There is a faded altar of an unknown god here.
There is an open door here.
There is an open door here.
t - a bubbling purple potion
Found 18 gold pieces.
You now have 159 gold pieces (gained 18).
You sense a monster nearby.
s - a +0 dagger (weapon)
2 gnolls come into view.
The gnoll shouts!
You hear a shout!
A gnoll comes into view. It is wielding a +0 spear.
You block the gnoll's attack. The gnoll attacks as it pursues you!
The gnoll closely misses you.
a - a +0 falchion (weapon)
Throw: 2 darts (poison)
Press: ? - help, Q - select action, (/) - cycle Shift-Dir - straight line, f - gnoll
Aim: a gnoll, wielding a +0 spear (56% to hit)
You throw a poisoned dart. The poisoned dart hits the gnoll.
The gnoll is poisoned.
The gnoll misses you.
The gnoll hits you from afar with a +0 halberd!
You hit the gnoll but do no damage.
The gnoll is lightly wounded.
You block the gnoll's attack. The gnoll barely misses you.
You barely miss the gnoll.
The gnoll is moderately wounded.
The gnoll hits you with a +0 halberd!
The gnoll hits you from afar with a +0 halberd!
* * * LOW HITPOINT WARNING * * *
A demonic guardian appears!
Casting: Vampiric Draining (quite dangerous; 24% risk of failure)
Confirm with . or Enter, or press ? or * to list all spells.
Aiming: Vampiric Draining (quite dangerous; 24% risk of failure)
Press: ? - help, Shift-Dir - straight line, f - gnoll, p - gnoll
Aim: a gnoll, wielding a +0 halberd (moderately wounded, poisoned, ally target)
You miscast Vampiric Draining.
You are very lightly contaminated with residual magic.
Nothing appears to happen.
The gnoll looks more healthy.
The gnoll hits you with a +0 halberd!
You die...

#####
#...#
#.#.#
#####.#.#
#gg.g.#5#
#.#@#
#g#g#
#.#g# ###
#g#g#
#.####.#.#
#####
#....g{..#
...P#
###.######
~~..# #.#
~~~.# #.#


You could see 3 gnolls and a friendly quasit (summoned).

Vanquished Creatures
  A hound zombie (D:3)
  A hound skeleton (D:3)
  A howler monkey zombie (D:3)
  4 adders
  2 adder skeletons (D:3)
  3 dart slugs
  2 ribbon worms
  An orc (D:2)
  3 endoplasms (D:1)
  3 giant cockroaches
  4 goblins
  4 hobgoblins
  2 jackals (D:1)
  6 kobolds
  5 ball pythons
  2 ball python skeletons (D:3)
  4 bats
  3 frilled lizards
  A jackal skeleton (D:3)
  2 rats
54 creatures vanquished.

Vanquished Creatures (collateral kills)
  A hobgoblin (D:3)
  A goblin (D:3)
2 creatures vanquished.

Grand Total: 56 creatures vanquished

Notes
Turn   | Place    | Note
-------+----------+-------------------------------------------
     0 | D:1      | Esekla the Demonspawn Wanderer began the quest for the Orb.
     0 | D:1      | Esekla set off with the following items: a +0 falchion, a
                  | +0 scale mail, a potion of curing; and the following spell
                  | memorised: Necrotise; and the following spells available to
                  | memorise: Vampiric Draining, Anguish.
     0 | D:1      | Reached XP level 1. HP: 13/13 MP: 3/3
   313 | D:1      | Gained mutation: A meltable shield of frost defends you.
                  | (SH +4) [demonic ancestry]
   313 | D:1      | Reached XP level 2. HP: 18/19 MP: 5/5
  1497 | D:2      | Identified the +4 chain mail of Famopaaf {rPois Str+2
                  | Int+2}
  1604 | D:2      | Discovered your monstrous ancestry.
  1604 | D:2      | Gained mutation: You have a pair of small antennae on your
                  | head. [demonic ancestry]
  1604 | D:2      | Reached XP level 3. HP: 12/25 MP: 6/6
  1622 | D:2      | Learned a level 2 spell: Mercury Vapours
  1626 | D:2      | Learned a level 3 spell: Vampiric Draining
  2574 | D:3      | Found Aluop's Antique Armour Emporium.
  2604 | D:3      | Identified the +7 chain mail "Zeleyrow" {-Cast Harm Dex+3}
  2652 | D:3      | Found a faded altar of an unknown god.
  2666 | D:3      | Gained mutation: A weak demonic guardian rushes to your
                  | aid. [demonic ancestry]
  2666 | D:3      | Reached XP level 4. HP: 31/31 MP: 7/7
  2737 | D:3      | Reached skill level 1 in Alchemy
  2748 | D:3      | Reached skill level 1 in Fighting
  2771 | D:3      | Found Huopinko's Antique Armour Boutique.
  3045 | D:3      | Reached XP level 5. HP: 35/37 MP: 5/9
  3096 | D:3      | Identified the +1 whip "Unanec" {flame, Int+3}
  3391 | D:3      | Slain by a gnoll

Illustrated notes

Levels and vault maps discovered:
D:1:      dpeg_arrival_arbitrary_c, layout_loops_corners, serial_forest,
          infiniplex_forest_zigzag_2, infiniplex_forest_side_room,
          infiniplex_forest_end_2, infiniplex_forest_corner_1,
          infiniplex_forest_lined_ring, infiniplex_forest_straight_2,
          infiniplex_forest_clump_diagonal, infiniplex_forest_clump_long,
          bh_walls_and_bars
D:2:      layout_loops_corners, kennysheep_crisscross
D:3:      layout_basic, serial_shops, nicolae_shop_tiny_waterfront,
          nicolae_shop_back_alley_shop, shop,
          hellmonk_ecumenical_altar_heavens_door, serial_undead,
          serial_undead_f, serial_undead_f, serial_undead_f, serial_undead_f,
          serial_undead_f, serial_undead_b

Skill      XL: |  1  2  3  4 |
---------------+-------------+-----
Long Blades    | 3 |  3.2
Armour         | 3 |  3.0
Alchemy        | 1 |  1.1
Fighting       | 1 |  1.2
Dodging        | |  0.8
Stealth        | |  0.2
Shields        | |  0.7
Spellcasting   | |  2.6
Necromancy     | |  2.7
Air Magic      | |  0.9

Action                     |  1- 3 |  4- 6 || total
---------------------------+-------+-------++-------
  Melee: Falchion          |   357 |    96 ||   453
         Dagger            |     2 |       ||     2
  Throw: Dart              |       |     1 ||     1
   Cast: Mercury Vapours   |     2 |       ||     2
         Vampiric Draining |     1 |     1 ||     2
   Stab: Sleeping          |     1 |       ||     1
 Armour: Scale mail        |    20 |       ||    20
         Leather armour    |    52 |    96 ||   148
  Dodge: Dodged            |    48 |    64 ||   112
  Block: Other             |    20 |    30 ||    50

Table legend: (Time is in decaauts)
 A = Elapsed time spent in this place.
 B = Non-inter-level travel time spent in this place.
 C = Inter-level travel time spent in this place.
 D = Time resting spent in this place.
 E = Time spent auto-exploring this place.
 F = Levels seen in this place.
 G = Mean time per level.
                   A        B        C        D        E       F      G
               +--------+--------+--------+--------+--------+-----+--------+
         Total |   3458 |   3402 |     56 |    424 |   1025 |   3 | 1152.7 |
       Dungeon |   3458 |   3402 |     56 |    424 |   1025 |   3 | 1152.7 |
               +--------+--------+--------+--------+--------+-----+--------+

Top non-repeatable levels by time:
     D:1: 1517 daAuts
     D:2: 1099 daAuts
     D:3: 842 daAuts
